[Event "Titled Tuesday Blitz May 31 Late 2022"]
[White "Darini, Pouria"]
[Black "Baches Garcia, Guillermo"]
[WhiteFideId "12502200"]
[BlackFideId "2209764"]
[WhiteElo "2483"]
[BlackElo "2499"]
[Result "1-0"]
[Round "03"]
[TimeControl "180+1"]
[Date "2022.06.01"]
[WhiteClock "0:00:08"]
[BlackClock "0:00:04"]

1. b3 Nf6 2. Bb2 g6 3. Nf3 Bg7 4. g3 O-O 5. d4 d5 6. Bg2 Ne4 7. Nfd2 c5 8. c3 Bf5 9. O-O Nc6 10. Nxe4 Bxe4 11. Bxe4 dxe4 12. d5 Ne5 13. Na3 f5 14. f4 Ng4 15. Nc2 c4 16. h3 Qb6+ 17. Kg2 Ne3+ 18. Nxe3 Qxe3 19. Qc2 b5 20. Rad1 Rfd8 21. Qd2 Qxd2 22. Rxd2 b4 23. Rc1 bxc3 24. Bxc3 cxb3 25. Bxg7 Kxg7 26. axb3 Rac8 27. Ra1 Rd7 28. Ra6 Rc3 29. b4 Rb3 30. Rd4 Rb2 31. Kf2 h5 32. Rc6 Rb7 33. Rcc4 Ra2 34. d6 exd6 35. Rxd6 Rb2 36. Rcc6 R7xb4 37. Rxg6+ Kf7 38. Rgf6+ Ke7 39. Rh6 Kd7 40. Rcg6 Kc7 41. Rg7+ 1-0


[Site "https://www.chess.com"]

[Event "Titled Tuesday Blitz May 31 Late 2022"]
[White "Demchenko, Anton"]
[Black "Harvey, Marcus R"]
[WhiteFideId "4160258"]
[BlackFideId "400092"]
[WhiteElo "2539"]
[BlackElo "2485"]
[Result "0-1"]
[Round "03"]
[TimeControl "180+1"]
[Date "2022.05.31"]
[WhiteClock "0:00:03"]
[BlackClock "0:00:11"]

1. e4 e6 2. d4 d5 3. Nc3 Nf6 4. Bg5 dxe4 5. Nxe4 Be7 6. Nxf6+ Bxf6 7. Bxf6 Qxf6 8. Nf3 O-O 9. Qd3 Rd8 10. O-O-O Nc6 11. Rd2 b6 12. c3 Bb7 13. Qe3 Ne7 14. Qe5 Bxf3 15. Qxf6 gxf6 16. gxf3 Nd5 17. Bc4 Kh8 18. Rg1 c6 19. Rg3 Ne7 20. Kc2 Rg8 21. Bd3 f5 22. c4 Rad8 23. Kc3 Ng6 24. Bc2 Nf4 25. Ba4 Rc8 26. b4 Rg6 27. Kc2 Rh6 28. Bb3 Rxh2 29. a4 h5 30. a5 h4 31. Rg5 Rg2 32. Rxg2 Nxg2 33. Rd1 h3 34. Rh1 Nf4 35. Kd2 f6 36. Ke3 e5 37. dxe5 fxe5 38. a6 Kg7 39. Bc2 Kf6 40. Rd1 h2 41. Rh1 Rh8 42. Bb3 c5 43. bxc5 bxc5 44. Ba4 Ne6 45. Bc6 f4+ 46. Kd2 Nc7 47. Bb7 Ne8 48. Kc3 Nd6 49. Bd5 Nf5 50. Kb3 Nd4+ 51. Ka4 Ke7 52. Ka5 Kd6 53. Be4 Rh3 54. Bd5 Ke7 55. Be4 Kd6 56. Bd5 Nb3+ 57. Kb5 Nc1 58. Ka5 Nd3 59. Rd1 Nxf2 60. Rd2 h1=Q 61. Be4+ Ke7 62. Rxf2 Qe1+ 63. Kb5 Qxf2 64. Kc6 Qd4 65. Kb7 Rh6 66. Kxa7 Qd6 67. Bb7 Qb6+ 0-1


[Site "https://www.chess.com"]

[Event "Titled Tuesday Blitz May 31 Late 2022"]
[White "Deviprasath, Sharvesh"]
[Black "Souleidis, Georgios"]
[WhiteFideId "30938228"]
[BlackFideId "4206827"]
[WhiteElo "2102"]
[BlackElo "2401"]
[Result "0-1"]
[Round "03"]
[TimeControl "180+1"]
[Date "2022.06.01"]
[WhiteClock "0:00:10"]
[BlackClock "0:00:09"]

1. d4 Nf6 2. c4 g6 3. Nc3 Bg7 4. Nf3 O-O 5. Bg5 c5 6. d5 d6 7. Qd2 b5 8. cxb5 a6 9. e4 Bg4 10. h4 Qb6 11. a4 axb5 12. Bxb5 Na6 13. Bh6 Nc7 14. Bxg7 Kxg7 15. O-O Nxb5 16. axb5 Bd7 17. Qe2 Rfb8 18. Rxa8 Rxa8 19. Re1 Rb8 20. e5 Ng8 21. Qe3 Bxb5 22. exd6 exd6 23. Ne4 Re8 24. Qc3+ f6 25. Nfg5 Bd7 26. h5 Qb4 27. h6+ Kxh6 28. Ne6 Qxc3 29. Nxc3 Bxe6 30. dxe6 Ne7 31. Ne4 Rd8 32. Nxf6 Kg7 33. Ng4 d5 34. Ne3 d4 35. Nc4 Kf6 36. Rd1 Kxe6 37. Kf1 Nc6 38. Ke2 Kd5 39. Ne3+ Ke4 40. Nc2 Nb4 41. f3+ Kd5 42. Nxb4+ cxb4 43. Kd3 Rc8 44. Ra1 Rc5 45. Ra8 Rc1 46. Rd8+ Ke5 47. Re8+ Kf6 48. Kxd4 Rg1 49. Re2 Rc1 50. Kd3 Kf5 51. Rc2 Rxc2 52. Kxc2 Kf4 53. Kb3 Kg3 54. Kxb4 Kxg2 55. Kc3 h5 56. b4 h4 57. b5 h3 58. b6 h2 59. b7 h1=Q 60. b8=Q Qc1+ 61. Kd3 Qf1+ 62. Kd4 Qf2+ 63. Kc4 Qe2+ 64. Kd4 Qd2+ 65. Ke4 Qe2+ 66. Kd4 Qxf3 67. Qg8 Qf4+ 68. Kd5 g5 69. Kc6 g4 70. Qa2+ Qf2 71. Qb1 Qf3+ 72. Kc5 g3 73. Kd4 Qf1 74. Qc2+ Qf2+ 75. Qxf2+ gxf2 0-1


[Site "https://www.chess.com"]

[Event "Titled Tuesday Blitz May 31 Late 2022"]
[White "Donchenko, Alexander"]
[Black "Lehtosaari, Mauri"]
[WhiteFideId "24603295"]
[BlackFideId "501999"]
[WhiteElo "2572"]
[BlackElo "2444"]
[Result "1-0"]
[Round "03"]
[TimeControl "180+1"]
[Date "2022.05.31"]
[WhiteClock "0:02:38"]
[BlackClock "0:00:53"]

1. d4 d5 2. c4 c6 3. Nf3 Nf6 4. Qc2 dxc4 5. Qxc4 Bf5 6. g3 e6 7. Bg2 Be7 8. O-O O-O 9. e3 Nbd7 10. Qe2 h6 11. Rd1 Rc8 12. Nc3 Ne4 13. Bd2 Ndf6 14. Be1 Nd5 15. Ne5 Nexc3 16. bxc3 Bh7 17. c4 Nf6 18. c5 Nd5 19. a4 a5 20. Nc4 Nb4 21. Qb2 Nc2 22. Bxa5 Qe8 23. Rac1 Ra8 24. e4 Nxd4 25. Qxd4 1-0


[Site "https://www.chess.com"]

[Event "Titled Tuesday Blitz May 31 Late 2022"]
[White "Dubov, Daniil"]
[Black "Pakleza, Zbigniew"]
[WhiteFideId "24126055"]
[BlackFideId "1119290"]
[WhiteElo "2791"]
[BlackElo "2467"]
[Result "1-0"]
[Round "03"]
[TimeControl "180+1"]
[Date "2022.05.31"]
[WhiteClock "0:00:04"]
[BlackClock "0:00:02"]

1. d4 d5 2. Nf3 c6 3. c4 Nf6 4. Nc3 Qb6 5. g3 Bf5 6. Bg2 e6 7. O-O Nbd7 8. Nh4 Bg6 9. Nxg6 hxg6 10. Qd3 Be7 11. cxd5 exd5 12. Bf4 O-O 13. Bf3 Rfe8 14. Kg2 Nf8 15. h4 Ne6 16. e3 Rad8 17. Rh1 Nxf4+ 18. gxf4 c5 19. dxc5 Bxc5 20. Rac1 Bxe3 21. fxe3 Rxe3 22. Qd2 d4 23. Nd1 Re7 24. Nf2 Nh5 25. Rhe1 Re3 26. Nh3 Qf6 27. Bxh5 gxh5 28. Rxe3 dxe3 29. Qxe3 Qxb2+ 30. Nf2 Qxa2 31. Rc7 b5 32. Rxa7 Qd5+ 33. Qf3 Qf5 34. Re7 Rd2 35. Re8+ Kh7 36. Re5 Qg6+ 37. Rg5 Qe6 38. Rxh5+ Kg6 39. f5+ Kf6 40. fxe6+ Kxe6 1-0


[Site "https://www.chess.com"]

[Event "Titled Tuesday Blitz May 31 Late 2022"]
[White "Eljanov, Pavel"]
[Black "Xiong, Jeffery"]
[WhiteFideId "14102951"]
[BlackFideId "2047640"]
[WhiteElo "2601"]
[BlackElo "2727"]
[Result "1/2-1/2"]
[Round "03"]
[TimeControl "180+1"]
[Date "2022.05.31"]
[WhiteClock "0:00:10"]
[BlackClock "0:00:06"]

1. Nf3 c5 2. c4 Nf6 3. Nc3 d5 4. cxd5 Nxd5 5. e3 e6 6. Bc4 Nf6 7. O-O a6 8. a4 Nc6 9. d4 Qc7 10. Qe2 Bd6 11. dxc5 Bxc5 12. h3 O-O 13. e4 Nd7 14. Be3 Bxe3 15. Qxe3 Nb4 16. Qe2 b6 17. Rac1 Nc5 18. e5 Bb7 19. Rfd1 Rad8 20. Qe3 h6 21. Nd4 Nd7 22. Na2 Nxe5 23. Bxa6 Nbc6 24. Bxb7 Qxb7 25. Nxc6 Nxc6 26. Qe4 Rxd1+ 27. Rxd1 Na5 28. Qxb7 Nxb7 29. b4 Ra8 30. Nc3 Kf8 31. Rd7 Nd8 32. Rd6 Rc8 33. Nb5 Nc6 34. Rd7 Nxb4 35. Nd6 Rc1+ 36. Kh2 f5 37. Rf7+ Kg8 38. Re7 Re1 39. Rb7 Nd5 40. Nc4 Re2 41. Nxb6 Rxf2 42. Nxd5 exd5 43. Rb5 Rd2 44. a5 Kf7 45. a6 Ra2 46. Rxd5 Ke6 47. Rb5 Rxa6 48. Kg3 g5 49. Kh2 Kf6 50. Rb8 Kg7 51. Rb5 Kg6 52. Rb4 Re6 53. Kg1 h5 54. Kf2 h4 55. Rb5 Kf6 56. Rc5 Re5 57. Rc6+ Re6 58. Rc5 Rd6 59. Rb5 Ke6 60. Ra5 Rd5 61. Ra8 Ke5 62. Ra4 Rd4 63. Ra2 Kf4 64. Rb2 Re4 65. Rc2 Ke5 66. Ra2 Rd4 67. Rb2 Ke4 68. Re2+ Kf4 69. Ra2 Ke4 70. Re2+ Kd3 71. Re8 Kc4 72. Rg8 g4 73. hxg4 fxg4 74. Rh8 g3+ 75. Kf3 Kd3 76. Re8 Kd2 77. Re2+ Kd1 78. Re8 Rd2 79. Kg4 Rxg2 80. Kxh4 Rg1 81. Kh3 Kd2 82. Rg8 Ke2 83. Rxg3 Rxg3+ 84. Kxg3 1/2-1/2


[Site "https://www.chess.com"]

[Event "Titled Tuesday Blitz May 31 Late 2022"]
[White "Garcia, Gabriel Gonzaga"]
[Black "Yeshchenko, Uliana"]
[WhiteFideId "2138956"]
[BlackFideId "14187272"]
[WhiteElo "2240"]
[BlackElo "1890"]
[Result "1-0"]
[Round "03"]
[TimeControl "180+1"]
[Date "2022.06.01"]
[WhiteClock "0:00:19"]
[BlackClock "0:00:49"]

1. e4 c6 2. Nf3 d5 3. Nc3 dxe4 4. Nxe4 Nf6 5. Ng3 Bg4 6. Bc4 e6 7. h3 Bxf3 8. Qxf3 g6 9. O-O Bg7 10. c3 O-O 11. d4 Nbd7 12. Re1 Rc8 13. Bg5 h6 14. Bd2 c5 15. dxc5 Nxc5 16. Rad1 Qe7 17. Bf1 Rfd8 18. Be3 b6 19. h4 Nd5 20. h5 g5 21. Bd4 Bxd4 22. Rxd4 Qf6 23. Qxf6 Nxf6 24. Red1 Rxd4 25. Rxd4 Kf8 26. Bb5 Ke7 27. Kf1 Rd8 28. Rxd8 Kxd8 29. Ke2 Nce4 30. Nxe4 Nxe4 31. Ke3 Nf6 32. Be2 Kc7 33. Kd4 Kd6 34. Kc4 a6 35. Kb4 a5+ 36. Kb5 Kc7 37. Bf3 Nd7 38. Bc6 Ne5 39. Be8 Kd8 40. Bc6 Kc7 41. Be4 f5 42. Bf3 Nd3 43. b4 axb4 44. cxb4 Nxf2 45. a4 e5 46. Bd5 Nd3 47. a5 bxa5 48. bxa5 Nf4 49. Bc6 Ne6 50. Bd5 Nd4+ 51. Kc5 Kb8 52. Kb6 e4 53. a6 Nb5 54. Kxb5 Ka7 55. Bb7 e3 56. Bf3 g4 57. Be2 g3 58. Kc5 f4 59. Kd4 f3 60. Bxf3 Kxa6 61. Kxe3 Kb6 62. Kf4 Kc7 63. Kxg3 Kd6 64. Kf4 Ke7 65. Kf5 Kf8 66. Kg6 Kg8 67. Kxh6 Kh8 68. g4 Kg8 69. g5 Kh8 70. g6 Kg8 71. g7 Kf7 72. Bd5+ 1-0


[Site "https://www.chess.com"]

[Event "Titled Tuesday Blitz May 31 Late 2022"]
[White "Goncalves, Ivan Mesquita V"]
[Black "Zhigalko, Sergei"]
[WhiteFideId "2114224"]
[BlackFideId "13502956"]
[WhiteElo "2299"]
[BlackElo "2662"]
[Result "0-1"]
[Round "03"]
[TimeControl "180+1"]
[Date "2022.05.31"]
[WhiteClock "0:00:18"]
[BlackClock "0:00:04"]

1. d4 Nf6 2. Nf3 e6 3. Bf4 b6 4. e3 Bb7 5. h3 Bd6 6. Bxd6 cxd6 7. Be2 O-O 8. O-O d5 9. Nbd2 Nc6 10. c4 Qe7 11. Rc1 Rfc8 12. a3 h6 13. Re1 d6 14. b4 dxc4 15. Nxc4 b5 16. Ncd2 a6 17. Nb3 Rc7 18. Nfd2 Rac8 19. Bf3 e5 20. d5 Nb8 21. e4 Rxc1 22. Nxc1 Rc3 23. Ncb3 Qc7 24. Qa1 Bc8 25. Rc1 Rxc1+ 26. Qxc1 Qxc1+ 27. Nxc1 Nbd7 28. Ncb3 Nb6 29. Be2 Kf8 30. h4 Ng8 31. f3 f5 32. Kf2 Nf6 33. Bd3 Ke7 34. g3 fxe4 35. fxe4 Bg4 36. Na5 Kd7 37. Nc6 Kc7 38. Na5 Bd1 39. Be2 Bc2 40. Ke3 g5 41. Nc6 Nfxd5+ 42. exd5 Nxd5+ 43. Kf3 Kxc6 44. Kg4 Nf6+ 45. Kf3 gxh4 46. gxh4 d5 47. Bf1 Kd6 48. Bh3 Kc7 49. Ke3 Be4 50. Ke2 d4 51. Nf1 Bg6 52. Ng3 e4 53. h5 Nxh5 0-1


[Site "https://www.chess.com"]

[Event "Titled Tuesday Blitz May 31 Late 2022"]
[White "Grigorov, Grigor"]
[Black "Al-Tarboush, Ward"]
[WhiteFideId "2907313"]
[BlackFideId "7601450"]
[WhiteElo "2510"]
[BlackElo "2294"]
[Result "1-0"]
[Round "03"]
[TimeControl "180+1"]
[Date "2022.05.31"]
[WhiteClock "0:01:27"]
[BlackClock "0:01:36"]

1. d4 d5 2. c4 c6 3. cxd5 cxd5 4. Nc3 Nf6 5. Bf4 Nc6 6. e3 Bg4 7. Qb3 Na5 8. Qa4+ Bd7 9. Qc2 e6 10. Bd3 Nc6 11. a3 Be7 12. h3 Nh5 13. Bh2 f5 14. g4 fxg4 15. hxg4 Nf6 16. g5 Ng4 17. Bxh7 Bxg5 18. Qg6+ Kf8 19. Bd6+ Be7 20. Bxe7+ Qxe7 21. Qxg4 e5 22. Qf3+ Qf6 23. Qxf6+ gxf6 24. Be4 Rxh1 25. Bxh1 exd4 26. Nxd5 Kf7 27. Ne2 Rh8 28. Ng3 Be6 29. Nf4 Bb3 30. Bxc6 bxc6 31. exd4 Rb8 32. Kd2 Ba4 33. b4 a5 34. Kc3 Ke7 35. Rh1 Kd7 36. Rh7+ Kc8 37. Ne4 axb4+ 38. axb4 Rb6 39. Nd6+ Kb8 40. Ne6 1-0


[Site "https://www.chess.com"]

[Event "Titled Tuesday Blitz May 31 Late 2022"]
[White "Gurevich, Dmitry"]
[Black "Pichot, Alan"]
[WhiteFideId "2000407"]
[BlackFideId "110973"]
[WhiteElo "2506"]
[BlackElo "2579"]
[Result "0-1"]
[Round "03"]
[TimeControl "180+1"]
[Date "2022.06.01"]
[WhiteClock "0:00:35"]
[BlackClock "0:01:09"]

1. d4 Nf6 2. c4 e6 3. g3 d5 4. Bg2 Be7 5. Nf3 O-O 6. Nc3 c6 7. O-O b6 8. Ne5 Bb7 9. e4 Nbd7 10. exd5 cxd5 11. cxd5 Nxe5 12. dxe5 Nxd5 13. Nxd5 Bxd5 14. Bxd5 exd5 15. Be3 Qd7 16. Qd3 Rad8 17. Bd4 Rfe8 18. Rac1 Bf8 19. f4 Rc8 20. f5 Bc5 21. Kg2 Bxd4 22. Rxc8 Rxc8 23. Qxd4 Rc2+ 24. Rf2 Qxf5 25. Rxc2 Qxc2+ 26. Kh3 Qf5+ 27. Kg2 Qc2+ 28. Kh3 Qc4 29. Qe3 d4 30. Qe4 g6 31. b3 Qf1+ 32. Kh4 d3 33. Qd5 Qf5 34. g4 Qf2+ 35. Kh3 d2 36. e6 Qf1+ 37. Kh4 d1=Q 38. exf7+ Kg7 0-1


[Site "https://www.chess.com"]

[Event "Titled Tuesday Blitz May 31 Late 2022"]
[White "Harsh Suresh"]
[Black "Sjugirov, Sanan"]
[WhiteFideId "45018464"]
[BlackFideId "4189302"]
[WhiteElo "2020"]
[BlackElo "2602"]
[Result "0-1"]
[Round "03"]
[TimeControl "180+1"]
[Date "2022.05.31"]
[WhiteClock "0:00:03"]
[BlackClock "0:00:07"]

1. e4 g6 2. d4 d6 3. c4 Bg7 4. Nc3 c5 5. Nf3 Nc6 6. Be3 Bg4 7. d5 Nd4 8. Be2 Bxf3 9. Bxf3 Qb6 10. Qd2 Nxf3+ 11. gxf3 Nf6 12. O-O-O O-O 13. h4 Nh5 14. Bh6 Qa6 15. Bxg7 Kxg7 16. b3 Qa3+ 17. Kb1 a6 18. f4 b5 19. cxb5 Qb4 20. bxa6 Rxa6 21. f5 Rfa8 22. fxg6 hxg6 23. Rh3 Kg8 24. Qb2 c4 25. Rd4 Rc8 26. Qe2 Nf4 27. Qe3 Nxh3 28. Qxh3 Raa8 29. h5 Qb6 30. hxg6 fxg6 31. Qe6+ Kf8 32. Qxg6 Qxd4 33. Qh6+ Qg7 34. Qf4+ Qf6 35. Qe3 cxb3 36. Nb5 bxa2# 0-1


[Site "https://www.chess.com"]

[Event "Titled Tuesday Blitz May 31 Late 2022"]
[White "Ivic, Velimir"]
[Black "De La Colina, Nicolas"]
[WhiteFideId "950122"]
[BlackFideId "30946921"]
[WhiteElo "2610"]
[BlackElo "2046"]
[Result "1-0"]
[Round "03"]
[TimeControl "180+1"]
[Date "2022.05.31"]
[WhiteClock "0:01:06"]
[BlackClock "0:00:01"]

1. c4 g6 2. Nc3 Bg7 3. Nf3 d6 4. g3 c5 5. Bg2 Nc6 6. O-O e5 7. d3 Nge7 8. Ne1 Be6 9. Nd5 a6 10. Nc2 Rb8 11. Bg5 Bxd5 12. cxd5 Nd4 13. Nxd4 cxd4 14. Qa4+ Qd7 15. Qb4 O-O 16. Rfc1 Rfc8 17. a4 h6 18. Bd2 f5 19. a5 Kf7 20. Qb6 Ng8 21. f4 Nf6 22. fxe5 dxe5 23. d6 Bf8 24. Rc7 Rxc7 25. dxc7 Rc8 26. Rc1 Bd6 27. Bxb7 Rxc7 28. Rxc7 Bxc7 29. Qxa6 e4 30. Qc6 Qe7 31. Qc4+ Kg7 32. a6 exd3 33. Qxd3 Bb6 34. Kg2 Ng4 35. Qb5 Ba7 36. Bf3 Ne3+ 37. Kh1 Kh8 38. Qb7 Qc5 39. b4 Qb6 40. b5 g5 41. Qxb6 Bxb6 42. Ba5 Ba7 43. b6 Bb8 44. a7 Bxa7 45. bxa7 Nd5 46. a8=Q+ Kg7 47. Qxd5 1-0


[Site "https://www.chess.com"]

[Event "Titled Tuesday Blitz May 31 Late 2022"]
[White "Jarmula, Lukasz"]
[Black "Drygalov, Andrey"]
[WhiteFideId "1160664"]
[BlackFideId "24171735"]
[WhiteElo "2181"]
[BlackElo "2540"]
[Result "0-1"]
[Round "03"]
[TimeControl "180+1"]
[Date "2022.05.31"]
[WhiteClock "0:00:17"]
[BlackClock "0:00:28"]

1. d4 Nf6 2. Bf4 d6 3. Nc3 Bf5 4. f3 d5 5. e3 a6 6. Bd3 Bxd3 7. Qxd3 c5 8. dxc5 Nc6 9. Nge2 e6 10. Nd4 Bxc5 11. Nxc6 bxc6 12. Be5 O-O 13. O-O-O Nd7 14. Bd4 Be7 15. e4 e5 16. Bf2 d4 17. Na4 Qa5 18. Qc4 Qb5 19. b3 Qxc4 20. bxc4 Rab8 21. c3 c5 22. Kc2 g6 23. Rb1 f5 24. exf5 gxf5 25. Rhe1 Kf7 26. Nb2 Bd6 27. Nd3 Rfe8 28. Bg3 f4 29. Bf2 Nb6 30. cxd4 exd4 31. Rxe8 Kxe8 32. Nb2 Kd7 33. Re1 Rg8 34. Rg1 h5 35. a4 a5 36. Be1 Ra8 37. Bd2 Kc6 38. Re1 Nd7 39. Nd3 Nb6 40. Re6 Kd7 41. Rh6 Nxc4 42. Rxh5 Nxd2 43. Kxd2 c4 44. Nc5+ Kc6 45. Ne6 Bb4+ 46. Kd1 d3 47. Nxf4 Re8 48. Rh6+ Kd7 49. Kc1 Re1+ 50. Kb2 c3+ 51. Kb3 d2 0-1


[Site "https://www.chess.com"]

[Event "Titled Tuesday Blitz May 31 Late 2022"]
[White "Jia, Haoxiang"]
[Black "Roman, Rodrigo"]
[WhiteFideId "8602999"]
[BlackFideId "3701220"]
[WhiteElo "2624"]
[BlackElo "2001"]
[Result "1-0"]
[Round "03"]
[TimeControl "180+1"]
[Date "2022.06.01"]
[WhiteClock "0:00:52"]
[BlackClock "0:00:05"]

1. e4 c5 2. Nc3 d6 3. g3 Nc6 4. Bg2 h5 5. d3 h4 6. Be3 e5 7. Qd2 Be6 8. Nge2 h3 9. Bf1 Bg4 10. O-O-O Bf3 11. Rg1 Qd7 12. Nd5 O-O-O 13. Re1 Nge7 14. c4 Nxd5 15. exd5 Nd4 16. Nxd4 cxd4 17. Qa5 dxe3 18. Rxe3 Bh5 19. Qxa7 Qc7 20. Bxh3+ Rd7 21. Qa8+ Qb8 22. Bxd7+ Kc7 23. Qxb8+ Kxb8 24. Kb1 Bg6 25. h4 Be7 26. b4 Kc7 27. Ba4 Ra8 28. Bc2 Bf6 29. a4 b6 30. Ka2 Be7 31. Kb3 f5 32. Ra1 Be8 33. Ree1 Bf6 34. Ra2 Bd7 35. a5 b5 36. a6 Kb6 37. a7 Be7 38. c5+ dxc5 39. Rxe5 Bd6 40. f4 c4+ 41. dxc4 bxc4+ 42. Kxc4 g6 43. Kb3 Kb7 44. Bd3 Kc7 45. Ra6 Bc8 46. Rc6+ Kd7 47. Re6 Bc7 48. Bb5 Kd8 49. Rxg6 Rxa7 50. Rg8+ Ke7 51. Rxc8 Bd6 52. Ra6 Rb7 53. Re8+ Kf7 54. Rxd6 Rxb5 55. Ra8 Rb7 56. Rc6 Kg7 57. Kc4 Re7 58. Kc5 Re1 59. Ra7+ Kf8 60. Rc8+ Re8 61. Rxe8+ Kxe8 62. Kd6 Kd8 63. Ra8# 1-0


[Site "https://www.chess.com"]

[Event "Titled Tuesday Blitz May 31 Late 2022"]
[White "Jobava, Baadur"]
[Black "Milikow, Elie"]
[WhiteFideId "13601520"]
[BlackFideId "371281868"]
[WhiteElo "2617"]
[BlackElo "2257"]
[Result "1-0"]
[Round "03"]
[TimeControl "180+1"]
[Date "2022.05.31"]
[WhiteClock "0:01:05"]
[BlackClock "0:00:02"]

1. b3 e5 2. Bb2 Nc6 3. Nf3 e4 4. Nd4 Qf6 5. e3 Bc5 6. Nb5 Qxb2 7. N1c3 Nb4 8. Rb1 Qxc2 9. Nxc7+ Kd8 10. Nxa8 Qxd1+ 11. Kxd1 Nf6 12. a3 Nc6 13. b4 Bd6 14. b5 Ne5 15. b6 a6 16. Be2 Bb8 17. Kc2 d5 18. Rhc1 Nd3 19. Bxd3 exd3+ 20. Kxd3 Bf5+ 21. Kd4 Bxb1 22. Rxb1 Kd7 23. Nc7 Bxc7 24. bxc7 Kc6 25. Rc1 Kxc7 26. Nxd5+ Kd6 27. Nxf6 gxf6 28. Rc5 b5 29. Rh5 Rc8 30. Rxh7 Rc4+ 31. Kd3 Ke6 32. h4 Ra4 33. h5 Rxa3+ 34. Ke4 Ra4+ 35. d4 f5+ 36. Kf4 Ra1 37. Rh6+ f6 38. Rh8 b4 39. h6 Kf7 40. Rb8 Kg6 41. Rxb4 Ra2 42. f3 Rxg2 43. Ra4 Rh2 44. Rxa6 Rh4+ 45. Kg3 Rxh6 46. Ra7 Rh8 47. d5 Rd8 48. Ra5 Kg5 49. Rb5 Re8 50. Kf2 Rd8 51. Ra5 Rd7 52. Ke2 Rd6 53. Kd3 Kh4 54. Kd4 Kg3 55. f4 Kf3 56. Kc5 Rd8 57. Ra3 Rc8+ 58. Kd6 Ke4 59. Ra4+ Kxe3 60. Ke7 Rc7+ 61. Kxf6 Rh7 62. Kxf5 Ra7 63. Rxa7 1-0


[Site "https://www.chess.com"]

[Event "Titled Tuesday Blitz May 31 Late 2022"]
[White "Jones, Gawain C B"]
[Black "Taichman, Ori"]
[WhiteFideId "409561"]
[BlackFideId "2804069"]
[WhiteElo "2657"]
[BlackElo "2227"]
[Result "1/2-1/2"]
[Round "03"]
[TimeControl "180+1"]
[Date "2022.05.31"]
[WhiteClock "0:00:14"]
[BlackClock "0:00:11"]

1. Nf3 Nf6 2. g3 g6 3. Bg2 Bg7 4. b3 Ne4 5. d4 c5 6. Bb2 Qa5+ 7. Nbd2 Nc3 8. Bxc3 Qxc3 9. e3 cxd4 10. exd4 Nc6 11. O-O Nxd4 12. Nxd4 Qxd4 13. Qe2 O-O 14. Rad1 Qe5 15. Ne4 d6 16. Rfe1 Be6 17. c4 Rab8 18. Qd2 Bg4 19. f3 Bf5 20. f4 Qb2 21. Qa5 Bxe4 22. Rxe4 b6 23. Qd2 Qxd2 24. Rxd2 Bf6 25. g4 Rfe8 26. g5 Bc3 27. Rd3 Bb4 28. Re2 Rbc8 29. Kf2 Rc5 30. Kg3 Kf8 31. Rd5 Rec8 32. h4 Rxd5 33. Bxd5 e6 34. Bf3 Rc5 35. h5 Bc3 36. hxg6 hxg6 37. Be4 Ra5 38. Kf3 Ke7 39. Bb1 a6 40. Ke4 b5 41. Kd3 Bg7 42. Rc2 bxc4+ 43. Rxc4 Rd5+ 44. Ke2 Kd7 45. Bd3 Rd4 46. Rxd4 Bxd4 47. Bxa6 Bb2 48. Bb5+ Ke7 49. a4 Bc3 50. Kd3 Ba5 51. Kd4 Bb6+ 52. Kd3 d5 53. b4 Bc7 54. Ke3 Bd6 55. a5 Bxb4 56. a6 Bc5+ 57. Kf3 f6 58. gxf6+ Kxf6 59. Kg4 Be3 60. Bd3 Ba7 61. Bc2 Bc5 62. Bd3 Ba7 63. Bc2 Bb8 64. Bb1 Kf7 65. Kg5 Ba7 66. Bxg6+ Ke7 67. Bd3 Be3 68. Kg6 Kd6 69. Kf7 Kc7 70. Kxe6 Bxf4 71. Kxd5 Kb8 72. Kc6 Ka7 73. Kb5 Bd2 74. Be4 Be3 75. Bb7 Bb6 76. Bc6 Bf2 77. Bb7 Bb6 78. Bc6 Bf2 79. Bb7 Bb6 1/2-1/2


[Site "https://www.chess.com"]

[Event "Titled Tuesday Blitz May 31 Late 2022"]
[White "Koc, Przemyslaw"]
[Black "Rychagov, Andrey"]
[WhiteFideId "1109081"]
[BlackFideId "4119932"]
[WhiteElo "2134"]
[BlackElo "2500"]
[Result "0-1"]
[Round "03"]
[TimeControl "180+1"]
[Date "2022.06.01"]
[WhiteClock "0:01:04"]
[BlackClock "0:00:28"]

1. d4 f5 2. e4 fxe4 3. Nc3 Nf6 4. Bg5 g6 5. Bc4 d5 6. Bxf6 exf6 7. Bxd5 f5 8. f3 Bg7 9. Nge2 c6 10. Bb3 exf3 11. gxf3 Qh4+ 12. Kf1 f4 13. Ng1 Bh3+ 14. Nxh3 Qxh3+ 15. Kf2 Qh4+ 16. Kg2 Qg5+ 17. Kf1 Nd7 18. Qe2+ Kd8 19. Re1 Kc7 20. Ne4 Qf5 21. c3 Rae8 22. Qg2 Nf6 23. Kf2 Nd5 24. Bxd5 cxd5 25. Rhf1 dxe4 26. fxe4 Qf6 27. Kg1 g5 28. e5 Qf5 29. Qd5 Rd8 30. Qc5+ Kb8 31. a4 f3 32. Kh1 f2 33. Re3 g4 34. a5 Bh6 35. Rg3 Qe4+ 36. Rg2 Be3 37. a6 h5 38. axb7 h4 39. Ra1 f1=Q+ 40. Rxf1 h3 0-1


[Site "https://www.chess.com"]

[Event "Titled Tuesday Blitz May 31 Late 2022"]
[White "Korchmar, Vasiliy"]
[Black "Hansen, Eric"]
[WhiteFideId "24131750"]
[BlackFideId "2606771"]
[WhiteElo "2370"]
[BlackElo "2568"]
[Result "0-1"]
[Round "03"]
[TimeControl "180+1"]
[Date "2022.05.31"]
[WhiteClock "0:00:02"]
[BlackClock "0:00:52"]

1. e4 c5 2. Nf3 e6 3. g3 Nc6 4. Bg2 e5 5. O-O Nf6 6. Qe2 Be7 7. Nc3 d6 8. Nd5 O-O 9. c3 h6 10. Ne1 Re8 11. Nc2 Nxd5 12. exd5 Nb8 13. d4 Nd7 14. h3 exd4 15. cxd4 Bf6 16. Qd1 Qb6 17. b3 cxd4 18. Rb1 d3 19. Qxd3 Ne5 20. Qd1 Bf5 21. Be3 Qc7 22. Rc1 Nd3 23. Nd4 Nxc1 24. Nxf5 Nxa2 25. Bd4 Nc3 26. Nxh6+ Kf8 27. Bxc3 Qxc3 28. Nf5 Rad8 29. Qh5 g6 30. Qh6+ Kg8 31. Ne3 Bg7 32. Qh4 Qd4 33. Ng4 f5 34. Nh6+ Kf8 35. g4 Bf6 36. Qg3 f4 37. Qf3 Bg5 38. Nf5 gxf5 39. gxf5 Qg7 40. Kh1 Re5 41. Rg1 Rde8 42. Bf1 Qh6 43. Qg4 Re1 44. Kh2 Qh4 45. Qg2 f3 46. Qxf3 Qf4+ 0-1


[Site "https://www.chess.com"]

[Event "Titled Tuesday Blitz May 31 Late 2022"]
[White "Kozin, Yuri"]
[Black "Jovic, Stevan"]
[WhiteFideId "4129920"]
[BlackFideId "923206"]
[WhiteElo "2593"]
[BlackElo "2203"]
[Result "1-0"]
[Round "03"]
[TimeControl "180+1"]
[Date "2022.06.01"]
[WhiteClock "0:00:04"]
[BlackClock "0:00:01"]

1. e4 c6 2. d4 d5 3. exd5 cxd5 4. c4 Nf6 5. Nc3 Nc6 6. Bg5 dxc4 7. d5 Ne5 8. Qd4 h6 9. Be3 Nd3+ 10. Bxd3 cxd3 11. Qxd3 g6 12. Nf3 Bg7 13. O-O O-O 14. h3 a6 15. Rad1 b5 16. Ne5 Bb7 17. a3 Rc8 18. Qd2 Kh7 19. h4 Qd6 20. Bf4 Nh5 21. Nd3 Nxf4 22. Nxf4 Bxc3 23. bxc3 Qxa3 24. Rc1 Rcd8 25. h5 g5 26. Qd3+ Kg7 27. Qd4+ Kh7 28. Qe4+ Kg7 29. Qe5+ Kh7 30. Qf5+ Kg7 31. Ne6+ fxe6 32. Qg6+ Kh8 33. Qxh6+ Kg8 34. Qxg5+ Kh8 35. Qh6+ Kg8 36. Qxe6+ Rf7 37. Rfd1 Qd6 38. Qe3 Rdf8 39. f3 Qf4 40. Qe6 Kh8 41. Rc2 Qg5 42. Rf2 Bc8 43. Qe4 Bf5 44. Qe2 Bd7 45. d6 e6 46. g4 a5 47. Rd4 a4 48. Qe4 Rf4 49. Qe2 Rxd4 50. cxd4 b4 51. Qc4 a3 52. Qxb4 Qc1+ 53. Kg2 Ra8 54. Qb7 Qc6 55. Qb1 Qd5 56. Ra2 Qxd6 57. Qa1 Kg8 58. h6 Bc6 59. Qc1 Bd5 60. Qg5+ Kf8 61. Qg7+ Ke8 62. h7 Qf8 63. h8=Q Qxh8 64. Qxh8+ Kd7 65. Qg7+ Kc6 66. Ra1 a2 67. Qe5 Kb5 68. Qe2+ Kb6 69. Qb2+ Kc6 70. Rc1+ Kd7 71. Qb5+ Ke7 72. g5 Kf7 73. Qc5 Kg6 74. Qd6 a1=Q 75. Rxa1 Rxa1 76. Qe5 Ra3 77. Qf6+ Kh7 78. Qh6+ Kg8 79. g6 Rxf3 80. Qh7+ Kf8 81. g7+ Ke7 82. g8=Q+ Rf7+ 83. Kh2 Rxh7+ 84. Qxh7+ Kd6 85. Qg7 Kc6 86. Qe5 Kb5 87. Kg3 Kc4 88. Kf4 Kd3 89. Kg5 Kc3 90. Kf6 Kd3 91. Ke7 Kc4 92. Kd6 Kd3 93. Kc5 Kc3 94. Qh2 Kd3 95. Qg3+ Ke4 96. Kb4 Kxd4 97. Qf4+ Kd3 98. Kc5 Kc3 99. Qd4+ Kc2 100. Qe3 Kd1 101. Qf2 Bb3 102. Kb4 Bd5 103. Kc3 e5 104. Qd2# 1-0


[Site "https://www.chess.com"]